 Dungeon Crawl Stone Soup version 0.30.2 (webtiles) character file.

Game seed: 6243683351275371727

209 Ashen the Ogre Mage (level 5, -3/54 HPs)
             Began as an Ogre Warper on Jan 20, 2024.
             Slain by a scorpion (5 damage)
             ... on level 4 of the Dungeon.
             The game lasted 00:07:28 (1738 turns).

Ashen the Ogre Mage (Ogre Warper)                   Turns: 1738, Time: 00:07:28

Health: -3/54      AC:  4    Str: 15    XL:     5   Next: 87%
Magic:  2/11       EV: 10    Int: 16    God:
Gold:   83         SH:  0    Dex:  8    Spells: 5/12 levels left

rFire   . . .        h - +2 mace (drain)
rCold   . . .        (no shield)
rNeg    . . .        b - +0 robe
rPois   .            n - +1 hat
rElec   .            (no cloak)
rCorr   .            (gloves unavailable)
SInv    .            (boots unavailable)
Will    .....        (no amulet)
Stlth   +            (no ring)
HPRegen 0.29/turn    (no ring)
MPRegen 0.12/turn

%: no passive effects
@: lethally poisoned (-3 -> -11)
A: large, unfitting armour, tough skin 1
a: no special abilities


You were on level 4 of the Dungeon.
You visited 1 branch of the dungeon, and saw 3 of its levels.

You collected 83 gold pieces.

Inventory:

Hand Weapons
 a - a +0 mace
 h - a +2 mace of draining (weapon)
Missiles
 d - a boomerang of dispersal (quivered)
Armour
 b - a +0 robe (worn)
 n - a +1 hat (worn)
Jewellery
 m - a ring of fire
Scrolls
 c - 3 scrolls of blinking
 e - a scroll of fog {unknown}
 f - a scroll of acquirement {unknown}
 g - a scroll of vulnerability {unknown}
 j - a scroll of identify {unknown}
 l - 7 scrolls of teleportation {unknown}
Potions
 i - a potion of haste {unknown}
 k - a potion of magic {unknown}


   Skills:
 + Level 3.8 Fighting
 + Level 2.4 Maces & Flails
 - Level 1.0 Throwing
 + Level 2.8 Dodging
 * Level 4.0 Spellcasting
 * Level 3.8 Translocations


You had 5 spell levels left.
You knew the following spells:

 Your Spells              Type           Power      Damage    Failure   Level
a - Blink                 Tloc           30%        N/A       5%          2
b - Teleport Other        Tloc           15%        N/A       11%         3
c - Lesser Beckoning      Tloc           30%        N/A       5%          2

Your spell library contained the following spells:

 Spells                   Type           Power      Damage    Failure   Level
 Beastly Appendage        Tmut           6%         N/A       17%         1
 Portal Projectile        Hex/Tloc       18%        N/A       22%         3
 Vhi's Electric Charge    Tloc/Air       18%        N/A       22%         3
 Wereblood                Tmut           3%         N/A       26%         2
 Manifold Assault         Tloc           15%        N/A       34%         4
 Spider Form              Tmut/Pois      3%         N/A       45%         3
 Tukima's Dance           Hex            3%         N/A       45%         3
 Blade Hands              Tmut           1%         N/A       99%         5


Dungeon Overview and Level Annotations

Branches:
Dungeon (2/15)

Altars:
Uskayaw


Innate Abilities, Weirdness & Mutations

You are too large for most types of armour.
You have tough skin. (AC +1)


Message History

The boomerang of dispersal barely misses the scorpion.
Throw: 2 boomerangs (disperse)
Press: ? - help, Q - select action, (/) - cycle Shift-Dir - straight line, f/p - scorpion
Aim: a scorpion (54% to hit)
You throw a boomerang of dispersal.
The boomerang of dispersal barely misses the scorpion.
The scorpion stings you.
You are poisoned.
The scorpion poisons you!
Unknown command.
You hit the scorpion but do no damage.
You feel very sick. The scorpion closely misses you. The scorpion stings you.
You hit the scorpion.
The scorpion is moderately wounded.
You feel sick. The scorpion closely misses you.
You barely miss the scorpion.
The scorpion is moderately wounded.
You feel sick.
The scorpion stings you but does no damage. x2
You barely miss the scorpion.
The scorpion is moderately wounded.
You feel sick. The scorpion stings you.
* * * LOW HITPOINT WARNING * * *
You are more poisoned.
The scorpion poisons you!
You hit the scorpion. You drain the scorpion.
The scorpion is severely wounded.
* * * LOW HITPOINT WARNING * * *
You feel very sick. The scorpion stings you.
* * * LOW HITPOINT WARNING * * *
You are more poisoned.
The scorpion poisons you! The scorpion closely misses you.
You closely miss the scorpion.
The scorpion is severely wounded.
* * * LOW HITPOINT WARNING * * *
You feel very sick. The scorpion stings you.
You die...

################## #######
#@......)......... #.. #.....#
#s.[.............. #... #.....#
#................h #... #...).#
#................. #..#
#..#######.................
#..###..####..#..........<......
#.............#.................
#.............#.......##########
#.............'.......#


You could see a scorpion (drained).

Vanquished Creatures
  2 phantoms (D:4)
  A worm (D:4)
  11 orcs (D:4)
  4 ball pythons (D:1)
  A bat (D:1)
  4 endoplasms
  3 giant cockroaches
  3 goblins
  4 hobgoblins
  5 jackals
  2 quokkas (D:1)
  A frilled lizard (D:1)
  2 kobolds
  2 rats (D:1)
45 creatures vanquished.

Notes
Turn   | Place    | Note
-------+----------+-------------------------------------------
     0 | D:1      | Ashen the Ogre Warper began the quest for the Orb.
     0 | D:1      | Reached XP level 1. HP: 22/22 MP: 3/3
   161 | D:1      | Reached XP level 2. HP: 29/29 MP: 5/5
   691 | D:1      | Reached XP level 3. HP: 36/37 MP: 7/7
   853 | D:1      | Learned a level 2 spell: Blink
   857 | D:1      | Learned a level 3 spell: Teleport Other
   892 | D:2      | Reached skill level 3 in Spellcasting
   934 | D:2      | Learned a level 2 spell: Lesser Beckoning
   944 | D:2      | You fall into a shaft and drop 2 floors!
   960 | D:4      | Found a hide-covered altar of Uskayaw.
  1342 | D:4      | Noticed a phantom
  1358 | D:4      | Killed a phantom
  1359 | D:4      | Reached XP level 4. HP: 13/45 MP: 7/9
  1359 | D:4      | Reached XP level 5. HP: 15/53 MP: 7/10
  1389 | D:4      | Noticed a phantom
  1455 | D:4      | Killed a phantom
  1456 | D:4      | Reached skill level 4 in Spellcasting
  1738 | D:4      | HP: 2/54 [poisoned by a scorpion]
  1738 | D:4      | Slain by a scorpion

Illustrated notes

Levels and vault maps discovered:
D:1:      dpeg_arrival_short_road, layout_basic, minmay_misc_feat_tower,
          supply_closet_lemuel
D:2:      layout_rooms, minmay_puff
D:4:      dreamdust_elfheim, layout_gridville, mainiacjoe_overflow_24_doors

Skill      XL: |  1  2  3  4  5 |
---------------+----------------+-----
Fighting       | 3 |  3.8
Translocations | 3 |  3.8
Spellcasting   | 3 4 |  4.0
Maces & Flails | 2 |  2.4
Throwing       | |  1.0
Dodging        | |  2.8

Action                     |  1- 3 |  4- 6 || total
---------------------------+-------+-------++-------
  Melee: Mace              |   150 |    26 ||   176
         Punch             |     1 |       ||     1
  Throw: Boomerang         |       |     6 ||     6
   Cast: Teleport Other    |     3 |    10 ||    13
    Use: Potion            |     1 |       ||     1
   Stab: Sleeping          |     1 |       ||     1
 Armour: Robe              |    46 |    10 ||    56
         Skin              |    18 |       ||    18
  Dodge: Dodged            |    70 |    13 ||    83
